 Dungeon Crawl Stone Soup version 0.31.0-32-g396128a36d (webtiles) character file.

Game seed: 3602549521810871252

111 BoneyBoi1234 the Conjurer (level 4, -5/36 HPs)
             Began as a Draconian Conjurer on Mar 27, 2024.
             Slain by a cerulean imp
             ... wielding a +2 spear
             ... summoned by Natasha
              (6 damage)
             ... on level 2 of the Dungeon.
             The game lasted 00:02:55 (1749 turns).

BoneyBoi1234 the Conjurer (Draconian Conjurer)      Turns: 1749, Time: 00:02:55

Health: -5/36      AC:  6    Str:  9    XL:     4   Next: 62%
Magic:  2/7        EV: 12    Int: 21    God:
Gold:   72         SH:  0    Dex:  9    Spells: 5/8 levels left

rFire   . . .        d - +0 spear
rCold   . . .        (no shield)
rNeg    . . .        (body armour unavailable)
rPois   .            (helmet restricted)
rElec   .            (no cloak)
rCorr   .            (no gloves)
SInv    .            b - +0 pair of boots
Will    .....        (no amulet)
Stlth   ++           (no ring)
HPRegen 0.26/turn    (no ring)
MPRegen 0.10/turn

%: no passive effects
@: no status effects
A: AC +5, unfitting armour, cold-blooded, horns 1, stinger 1, low MP 1
a: no special abilities


You were on level 2 of the Dungeon.
You visited 1 branch of the dungeon, and saw 2 of its levels.

You collected 72 gold pieces.

Inventory:

Hand Weapons
 d - a +0 spear (weapon)
Armour
 b - a +0 pair of boots (worn)
Scrolls
 c - a scroll of identify {unknown}
 e - a scroll of fog {unknown}
 f - a scroll of acquirement {unknown}
 g - a scroll of poison {unknown}
Potions
 a - a potion of magic


   Skills:
 + Level 2.1 Fighting
 + Level 2.6 Dodging
 - Level 1.7 Stealth
 + Level 2.8 Spellcasting
 + Level 4.6 Conjurations


You had 5 spell levels left.
You knew the following spells:

 Your Spells              Type           Power      Damage    Failure   Level
a - Magic Dart            Conj           88%        1d7       1%          1
b - Searing Ray           Conj           44%        2d6       3%          2

Your spell library contained the following spells:

 Spells                   Type           Power      Damage    Failure   Level
 Fulminant Prism          Conj/Alch      6%         3d7       45%         4
 Iskenderun's Mystic Bla  Conj/Tloc      12%        2d5       45%         4


Dungeon Overview and Level Annotations

Branches:
Dungeon (2/15)

Altars:

Annotations:
D:2 Natasha


Innate Abilities, Weirdness & Mutations

Your plain brown scales are hard. (AC +5)
You cannot fit into any form of body armour.
You are cold-blooded and may be slowed by cold attacks.
You have a pair of small horns on your head.
Your tail ends in a venomous barb.
Your magical capacity is low. (-10% MP)


Message History

The cerulean imp misses you.
The cerulean imp hits you from afar with a +2 spear.
The cerulean imp barely misses you.
Natasha stares at you and mumbles some strange words.
The magic dart hits you.
You hit Natasha but do no damage.
Natasha is severely wounded.
The cerulean imp closely misses you.
The cerulean imp hits you from afar with a +2 spear!
* * * LOW HITPOINT WARNING * * *
The cerulean imp hits you from afar with a +0 spear.
* * * LOW HITPOINT WARNING * * *
Natasha closely misses you.
Casting: Magic Dart (safe; 1% risk of failure)
Confirm with . or Enter, or press ? or * to list all spells.
Aiming: Searing Ray (safe; 3% risk of failure)
Press: ? - help, Shift-Dir - straight line, f - cerulean imp, p - cerulean imp
Aim: a cerulean imp, wielding a +2 spear (summoned, 66% to hit)
The searing ray misses Natasha.
The searing ray hits the cerulean imp!
The cerulean imp is severely wounded. (Press . to maintain the ray.)
The cerulean imp hits you with a +2 spear.
* * * LOW HITPOINT WARNING * * *
The cerulean imp hits you from afar with a +2 spear.
* * * LOW HITPOINT WARNING * * *
The cerulean imp barely misses you. Natasha barely misses you.
It was a potion of mutation.
You feel extremely strange.
You feel less energetic.
A venomous barb forms on the end of your tail.
A pair of horns grows on your head!
The cerulean imp closely misses you. x2; The cerulean imp barely misses you.
Natasha casts a spell at you. You resist with some effort.
Aiming: Magic Dart (safe; 1% risk of failure)
Press: ? - help, Q - select action, (/) - cycle Shift-Dir - straight line, f/p - cerulean imp
Aim: a cerulean imp, wielding a +2 spear (severely wounded, summoned, 100% to hit)
The magic dart hits Natasha.
Natasha is severely wounded.
The cerulean imp hits you with a +2 spear.
You die...

#......## ......
##.......# .>....
#........#
......###.######<####
...........#........####
..................#..##.
........................
.###.5.............#....
.....5h@...........####.
...#.$5<................
#...................)
#....................
.......................
.[###.....#.....#######
... ............... ...
.. #######..####... ###
#......##


You could see Natasha and 3 cerulean imps.

Vanquished Creatures
  Jessica (D:2)
  Terence (D:2)
  Natasha (D:2)
  A dart slug (D:1)
  3 ball pythons (D:1)
  2 bats
  4 giant cockroaches
  3 hobgoblins
  3 quokkas (D:1)
  5 frilled lizards
  2 goblins
  2 kobolds (D:1)
  7 rats
35 creatures vanquished.

Notes
Turn   | Place    | Note
-------+----------+-------------------------------------------
     0 | D:1      | BoneyBoi1234 the Draconian Conjurer began the quest for the
                  | Orb.
     0 | D:1      | Reached XP level 1. HP: 14/14 MP: 3/3
   271 | D:1      | Reached XP level 2. HP: 20/22 MP: 1/5
   499 | D:1      | Reached skill level 1 in Fighting
   900 | D:1      | Learned a level 2 spell: Searing Ray
  1245 | D:2      | Noticed Natasha
  1252 | D:2      | Killed Natasha
  1253 | D:2      | Reached XP level 3. HP: 20/28 MP: 0/6
  1534 | D:2      | Noticed Jessica
  1538 | D:2      | Killed Jessica
  1539 | D:2      | Reached XP level 4. HP: 36/36 MP: 2/8
  1603 | D:2      | Noticed Terence
  1627 | D:2      | Killed Terence
  1735 | D:2      | Noticed Natasha
  1747 | D:2      | HP: 1/36 [cerulean imp/+2 spear[Natasha] (2)]
  1748 | D:2      | Gained mutation: Your magical capacity is low. (-10% MP)
                  | [potion of mutation]
  1748 | D:2      | Gained mutation: Your tail ends in a venomous barb. [potion
                  | of mutation]
  1748 | D:2      | Gained mutation: You have a pair of small horns on your
                  | head. [potion of mutation]
  1749 | D:2      | Slain by a cerulean imp

Illustrated notes

Levels and vault maps discovered:
D:1:      saegor_arrival_under_anarchy, layout_basic, serial_curves,
          eino_curves_01, eino_curves_03, minmay_parallelograms
D:2:      layout_rooms, uniq_jessica, uniq_terence, uniq_natasha

Skill      XL: |  1  2  3 |
---------------+----------+-----
Dodging        | 2 |  2.6
Fighting       | 1 2 |  2.1
Stealth        | |  1.7
Spellcasting   | |  2.8
Conjurations   | |  4.6

Action                     |  1- 3 |  4- 6 || total
---------------------------+-------+-------++-------
  Melee: Club              |    14 |       ||    14
         Unarmed           |     2 |       ||     2
         Tailslap          |     3 |     3 ||     6
         Spear             |     4 |    25 ||    29
   Cast: Magic Dart        |    60 |     6 ||    66
         Searing Ray       |       |     2 ||     2
    Use: Potion            |       |     1 ||     1
 Armour: Skin              |    14 |    30 ||    44
  Dodge: Dodged            |    18 |    25 ||    43
